 Dungeon Crawl Stone Soup version 0.29-a0-369-gd956c00756 (webtiles) character file.

Game seed: 12386938780549004082

4048 Shayle the Sneak (level 10, -1/58 (60) HPs)
             Began as a Tengu Brigand on May 1, 2022.
             Was an Initiate of Ashenzari.
             Killed from afar by a catoblepas (4 damage)
             ... with a blast of calcifying dust
             ... on level 8 of the Dungeon on May 2, 2022.
             The game lasted 00:32:31 (9952 turns).

Shayle the Sneak (Tengu Brigand)                    Turns: 9952, Time: 00:32:32

HP:   -1/58 (60)    AC:  9    Str: 17    XL:     10   Next: 24%
MP:   18/18         EV: 16    Int: 15    God:    Ashenzari [......]
Gold: 297           SH:  0    Dex: 17    Spells: 19/19 levels left

rFire   . . .      SeeInvis .   a - +3 dagger
rCold   . . .      Faith    .   (no shield)
rNeg    . . .      Spirit   .   s - +0 ring mail
rPois   +          Reflect  .   (helmet restricted)
rElec   .          Harm     .   c - +1 cloak
rCorr   .          Rampage  .   p - +0 pair of gloves
Will    .....                   (boots unavailable)
Stlth   +++.......              (no amulet)
HPRegen 0.19/turn               w - ring of Supernal Knowledge {Wiz Str+6, Comp, Fort} (curse)
MPRegen 0.16/turn               k - ring of poison resistance

@: flying quickly and evasively, studying Axes, lightly drained, quick
A: beak, talons 3, nimble flight
a: Renounce Religion, Curse Item, Shatter the Chains


You were on level 8 of the Dungeon.
You worshipped Ashenzari.
Ashenzari was noncommittal.
You visited 1 branch of the dungeon, and saw 8 of its levels.
You also visited: Sewer and Ossuary.

You collected 467 gold pieces.
You spent 170 gold pieces at shops.

Inventory:

Hand Weapons
 a - a +3 dagger (weapon)
 e - a +4 spear
 g - a +2 dagger of distortion
 o - a +1 mace of holy wrath
 E - a +0 war axe of flaming
 L - a +1 halberd
 M - a +2 scimitar of freezing
Missiles
 d - 24 poisoned darts (quivered)
 K - a curare-tipped dart
Armour
 b - a +0 robe
 c - a +1 cloak (worn)
 p - a +0 pair of gloves (worn)
 s - a +0 ring mail (worn)
 F - +0 swamp dragon scales
Jewellery
 j - a +6 ring of intelligence
 k - a ring of poison resistance (right hand)
 u - a ring of see invisible
 w - the cursed ring of Supernal Knowledge (left hand) {Wiz Str+6, Comp, Fort}
   (You found it on level 3 of the Dungeon)

   [ring of wizardry]

   It improves your spell success rate.
   Str:       It affects your strength (+6).
   It has a curse which improves the following skills: Companions: Summonings
   and Necromancy.
   Fortitude: Armour and Shields.
 G - an amulet of guardian spirit
Wands
 l - a wand of mindburst (1)
 n - a wand of flame (2)
 H - a wand of digging (2)
Scrolls
 i - a scroll of enchant weapon
 r - 2 scrolls of magic mapping
 x - 5 scrolls of teleportation
 y - 2 scrolls of blinking
 A - a scroll of immolation
 B - 2 scrolls of torment
 C - a scroll of fog
 I - 6 scrolls of identify
Potions
 f - a potion of magic
 h - 3 potions of curing
 m - 8 potions of mutation
 q - 2 potions of brilliance
 t - 2 potions of invisibility
 v - 5 potions of haste
 z - 3 potions of attraction
 D - 2 potions of resistance
 J - a potion of heal wounds


   Skills:
 + Level 5.9 Fighting
 - Level 2.1 Short Blades
 - Level 2.0 Throwing
 + Level 4.5(5.0) Armour
 + Level 6.2 Dodging
 + Level 7.5 Stealth
 + Level 4.2(4.6) Shields
 + Level 5.1 Spellcasting
 + Level 5.1(5.5) Summonings
 + Level 4.6(5.0) Necromancy


You had 19 spell levels left.
You didn't know any spells.
Your spell library contained the following spells:

 Spells                   Type           Power      Damage    Failure   Level
 Call Canine Familiar     Summ           20%        N/A       3%          3
 Portal Projectile        Hex/Tloc       6%         N/A       32%         3
 Leda's Liquefaction      Hex/Erth       1%         N/A       69%         4


Dungeon Overview and Level Annotations

Branches:
Dungeon (8/15)             Temple (0/1) D:7            Lair (0/6) D:8
  Sewer (visited)         Ossuary (visited)

Altars:
Ashenzari
Cheibriados

Shops:
D:4 *   D:5 *

Annotations:
D:2 1 runed translucent door, Crazy Yiuf


Innate Abilities, Weirdness & Mutations

You have a beak for a mouth.
You have claws for feet.
Your magical nature lets you fly swiftly and evasively.


Message History

Press: ? - help, Q - select action, (/) - cycle Shift-Dir - straight line, f/p - catoblepas
Aim: a catoblepas (severely wounded, extremely poisoned, slow, 90% to hit)
You throw a poisoned dart. The poisoned dart hits the catoblepas.
The catoblepas looks as sick as possible!
The catoblepas is severely wounded.
The catoblepas is no longer moving slowly.
Aiming: Throw Flame
Press: ? - help, Shift-Dir - straight line, f/p - catoblepas
Aim: a catoblepas (severely wounded, extremely poisoned, 100% to hit)
The puff of flame hits the catoblepas.
The catoblepas is severely wounded.
Aiming: Throw Flame
Press: ? - help, Shift-Dir - straight line, f/p - catoblepas
Aim: a catoblepas (severely wounded, extremely poisoned, 100% to hit)
The puff of flame hits the catoblepas.
The catoblepas is severely wounded.
Unknown command.
You completely miss the catoblepas. Your kick misses the catoblepas.
The catoblepas is severely wounded.
The catoblepas gores you!!
Unknown command.
You hit the catoblepas but do no damage.
You peck the catoblepas, but do no damage.
The catoblepas is severely wounded.
The catoblepas gores you!
* * * LOW HITPOINT WARNING * * *
Unknown command.
The catoblepas breathes a plume of calcifying dust at you.
The blast of calcifying dust hits you.
* * * LOW HITPOINT WARNING * * *
The catoblepas snuffles in challenge.
The catoblepas breathes a plume of calcifying dust at you.
The blast of calcifying dust hits you.
* * * LOW HITPOINT WARNING * * *
The catoblepas breathes a plume of calcifying dust at you.
The blast of calcifying dust hits you!
* * * LOW HITPOINT WARNING * * *
The catoblepas breathes a plume of calcifying dust at you.
The blast of calcifying dust hits you.
You die...

#.#.# #.# #.#.#### ##.##
..#....# ##...##
######.#####.....####
..#....#.............
#.#...##.###.....###
..#......# ##...##
.(.(..########§########.
.#.#..# #.§Y§§§@.......
.#.#..####Y###..#######..#
######...§§§.§..# #..#
#...<.####.#######..#
####### #......##..#
#.####.##..# #.# #.##..#
#.# #.##..# #.####.##..#


There were no monsters in sight!

Vanquished Creatures
  Maggie (D:6)
  Grinder (D:6)
  Sigmund (D:6)
  A wyvern (D:7)
  2 water moccasins
  Duvessa (D:6)
  An orc warrior (D:6)
  3 black bears
  An ice beast (D:5)
  An ogre (D:7)
  2 centaurs
  2 phantoms
  2 kobold brigands (D:7)
  A gnoll sergeant (D:7)
  2 scorpions (D:6)
  A necrophage (D:5)
  7 wights
  Dowan (D:6)
  9 killer bees
  A centaur zombie (Ossuary)
  A human zombie (Ossuary)
  2 jellies
  3 orc priests
  5 hounds
  A gnoll shaman (D:8)
  Natasha (thrice) (D:2)
  An iguana (D:5)
  An orc wizard (D:6)
  6 mummies
  8 gnolls
  14 adders
  3 river rats
  3 white imps
  3 worms
  2 dart slugs
  18 orcs
  7 bats
  6 endoplasms
  3 giant cockroaches
  8 hobgoblins
  5 jackals
  3 quokkas
  11 ball pythons
  14 frilled lizards
  3 gnoll zombies (Ossuary)
  3 goblins
  2 goblin zombies (Ossuary)
  A hobgoblin zombie (D:5)
  21 kobolds
  A kobold zombie (Ossuary)
  An orc zombie (D:5)
  8 rats
212 creatures vanquished.

Vanquished Creatures (others)
  4 fungi (D:5)
  24 plants
28 creatures vanquished.

Grand Total: 240 creatures vanquished

Notes
Turn   | Place    | Note
-------+----------+-------------------------------------------
     0 | D:1      | Shayle the Tengu Brigand began the quest for the Orb.
     0 | D:1      | Reached XP level 1. HP: 12/12 MP: 2/2
    69 | D:1      | Reached XP level 2. HP: 17/17 MP: 3/3
   122 | D:1      | Found a faded altar of an unknown god.
   380 | D:1      | Reached XP level 3. HP: 17/22 MP: 5/5
   500 | D:1      | Reached skill level 1 in Spellcasting
  1125 | D:2      | Noticed Natasha
  1387 | D:2      | Killed Natasha
  1388 | D:2      | Reached XP level 4. HP: 27/27 MP: 5/7
  1419 | D:2      | Found a broken altar of Ashenzari.
  1518 | D:2      | Noticed Natasha
  1525 | D:2      | Killed Natasha
  1610 | D:2      | Noticed Natasha
  1615 | D:2      | Killed Natasha
  1616 | D:2      | Gained mutation: Your magical nature lets you fly swiftly
                  | and evasively. [Tengu growth]
  1616 | D:2      | Reached XP level 5. HP: 23/32 MP: 8/8
  1762 | D:2      | Found a runed translucent door.
  1763 | D:2      | Noticed Crazy Yiuf
  1985 | D:3      | Reached skill level 5 in Stealth
  1989 | D:3      | Found a glowing drain.
  1993 | Sewer    | Entered a sewer
  2337 | Sewer    | Reached XP level 6. HP: 29/37 MP: 10/10
  2718 | D:3      | Identified the ring "Bemaek" {Wiz Str+6}
  3069 | D:2      | Became a worshipper of Ashenzari the Shackled
  3291 | D:4      | Noticed a black bear
  3307 | D:4      | Killed a black bear
  3679 | D:4      | Found a snail-covered altar of Cheibriados.
  3750 | D:4      | Reached XP level 7. HP: 43/43 MP: 12/12
  4224 | D:4      | Found Zar Tapt's General Store.
  4231 | D:4      | Bought a potion of curing for 33 gold pieces
  4231 | D:4      | Bought a throwing net for 33 gold pieces
  4513 | D:5      | Entered Level 5 of the Dungeon
  4549 | D:5      | Found Asufish's General Store.
  4557 | D:5      | Bought a potion of heal wounds for 55 gold pieces
  4557 | D:5      | Bought a +0 pair of gloves for 49 gold pieces
  4640 | D:5      | Found a sand-covered staircase.
  4681 | Ossuary  | Entered an ossuary
  4875 | Ossuary  | Reached skill level 1 in Summonings
  4881 | Ossuary  | Reached skill level 1 in Armour
  4881 | Ossuary  | Reached skill level 1 in Necromancy
  5084 | Ossuary  | Reached skill level 1 in Shields
  5295 | D:5      | Reached skill level 6 in Stealth
  5295 | D:5      | Reached XP level 8. HP: 36/48 MP: 12/14
  6000 | D:6      | Noticed Maggie
  6016 | D:6      | Killed Maggie
  6186 | D:6      | Noticed Sigmund
  6200 | D:6      | Killed Sigmund
  6207 | D:6      | Reached skill level 5 in Dodging
  6215 | D:6      | Reached skill level 5 in Fighting
  6226 | D:6      | Noticed Grinder
  6243 | D:6      | Killed Grinder
  6244 | D:6      | Reached XP level 9. HP: 34/54 MP: 16/16
  6463 | D:6      | You are sucked into a shaft and drop 1 floor!
  6465 | D:7      | Found a staircase to the Ecumenical Temple.
  6592 | D:8      | Found a staircase to the Lair.
  7251 | D:6      | Noticed Duvessa
  7255 | D:6      | Noticed Dowan
  7275 | D:6      | Killed Duvessa
  7278 | D:6      | Killed Dowan
  7636 | D:6      | Reached skill level 7 in Stealth
  8158 | D:7      | Reached XP level 10. HP: 26/60 MP: 18/18
  8731 | D:7      | Reached skill level 5 in Spellcasting
  9394 | D:7      | Reached skill level 5 in Summonings
  9914 | D:8      | Noticed a catoblepas
  9952 | D:8      | Killed from afar by a catoblepas

Illustrated notes

Levels and vault maps discovered:
D:1:      lemuel_arrival_hallway, layout_basic,
          nicolae_ecumenical_snake_handling
D:2:      layout_rooms, basic_altar, minmay_lizard_king, uniq_natasha,
          uniq_crazy_yiuf_cottage
D:3:      layout_loops_ring, gup_sewer_entry_spiral, kennysheep_another_room,
          minmay_bisected
D:4:      layout_basic, nicolae_overflow_crystal_walls, serial_shops,
          nicolae_diamond_shop
D:5:      layout_loops_ring, serial_bayou, serial_bayou_pond_c,
          serial_bayou_pond_c, serial_bayou_pond_e, serial_bayou_shore_b,
          serial_shops, shop, nicolae_ossuary_entry_giza, water_boxes_lemuel
D:6:      layout_cave_pools, uniq_maggie, uniq_grinder, uniq_sigmund,
          uniq_duvessa
D:7:      layout_basic, minmay_temple_entry_arrows, minmay_misc_feat_rugged
D:8:      layout_loops_ring, lair_entry_dummy, minmay_evil_grid

Skill      XL: |  1  2  3  4  5  6  7  8  9 10 |
---------------+-------------------------------+-----
Spellcasting   | 1 2 3 4 5 |  5.1
Dodging        | 2 3 4 5 6 |  6.2
Fighting       | 3 4 5 |  5.9
Stealth        | 5 6 7 |  7.5
Summonings     | 1 3 4 5 |  5.1
Armour         | 1 3 4 |  4.5
Necromancy     | 1 3 4 |  4.6
Shields        | 1 2 3 4 |  4.2
Short Blades   | |  2.1
Throwing       | |  2.0

Action                   |  1- 3 |  4- 6 |  7- 9 | 10-12 || total
-------------------------+-------+-------+-------+-------++-------
Melee: Dagger            |    59 |   138 |   379 |    91 ||   667
       Peck              |     8 |    27 |    91 |    22 ||   148
       Kick              |    10 |    33 |   138 |    22 ||   203
       Punch             |     1 |     2 |     5 |     1 ||     9
Throw: Dart              |     6 |    12 |    24 |    11 ||    53
       Throwing net      |       |       |     1 |       ||     1
Invok: Curse Item        |       |       |     1 |       ||     1
Evoke: Wand              |       |       |    19 |    20 ||    39
  Use: Scroll            |       |     6 |    12 |       ||    18
       Potion            |       |       |     3 |     1 ||     4
 Stab: Sleeping          |    12 |    10 |     8 |       ||    30
       Distracted        |       |       |     1 |     1 ||     2
Armor: Robe              |    19 |    12 |       |       ||    31
       Ring mail         |       |     2 |    84 |    24 ||   110
Dodge: Dodged            |    28 |    82 |   249 |    62 ||   421

Table legend: (Time is in decaauts)
 A = Elapsed time spent in this place.
 B = Non-inter-level travel time spent in this place.
 C = Inter-level travel time spent in this place.
 D = Time resting spent in this place.
 E = Time spent auto-exploring this place.
 F = Levels seen in this place.
 G = Mean time per level.
                   A        B        C        D        E       F      G
               +--------+--------+--------+--------+--------+-----+--------+
         Total |   9473 |   9278 |    195 |   3032 |   3625 |  10 |  947.3 |
       Dungeon |   8376 |   8181 |    195 |   2597 |   3372 |   8 | 1047.0 |
         Sewer |    543 |    543 |      0 |    106 |    253 |   1 |  543.0 |
       Ossuary |    553 |    553 |      0 |    328 |      0 |   1 |  553.0 |
               +--------+--------+--------+--------+--------+-----+--------+

Top non-repeatable levels by time:
     D:7: 1689 daAuts
     D:6: 1440 daAuts
     D:2: 993 daAuts
     D:1: 981 daAuts
     D:4: 962 daAuts
     D:5: 836 daAuts
     D:3: 827 daAuts
     D:8: 644 daAuts
 Ossuary: 553 daAuts
   Sewer: 543 daAuts
